AoeStats
← Princess Duckling

Arena

510469759Analyzed
3v3 RM · 2d ago on Oct 1, 2026· 68m 40s· 6 players
Game mode
Random Map
Map size
Normal (6 player)
Population
200
Speed
Normal
Resources
Standard
Victory
Conquest
Starting age
Dark Age
Ending age
Imperial Age
RankedLock teamsTeams togetherTeam positionsShared explorationLock speedFull tech treeHidden civsTurbo modeCheats
Victory
Defeat
🇺🇸 Turks · United States
700
+13
🇺🇸 Franks · United States
700
+13
🇺🇸 Ethiopians · United States
700
+13
🇨🇳 Magyars · China
672
-15
🇨🇳 Burgundians · China
652
-14
🇨🇳 Chinese · China
565
-10
no[o]ne-
9:56 Double-Bit Axe
11:24 Wheelbarrow
12:49 Feudal Age
12:04 Horse Collar
14:51 Loom
17:40 Castle Age
15:55 Bow Saw
16:26 Heavy Plow
25:05 Crop Rotation
26:15 Hand Cart
27:24 Loom
36:52 Town Watch
40:40 Town Patrol
41:36 Caravan
41:48 Guilds
44:17 Two-Man Saw
44:36 Gold Mining
44:37 Stone Mining
46:23 Gold Shaft Mining
46:30 Stone Shaft Mining
52:37 Forging
53:34 Scale Barding Armor
54:06 Iron Casting
58:05 Chain Barding Armor
58:41 Light Cavalry
59:21 Husbandry
60:29 Squires
60:14 Arson
59:50 Man-at-Arms
Boží bojovníci
12:35 Feudal Age
16:34 Castle Age
15:30 Double-Bit Axe
15:27 Horse Collar
18:09 Light Cavalry
30:50 Imperial Age
28:39 Loom
29:43 Wheelbarrow
28:59 Town Watch
30:14 Corvinian Army
31:05 Husbandry
31:16 Bloodlines
32:12 Conscription
32:21 Parthian Tactics
33:25 Scale Barding Armor
33:11 Fletching
33:21 Padded Archer Armor
34:09 Hand Cart
34:04 Recurve Bow
35:40 Gold Mining
35:40 Stone Mining
37:01 Gold Shaft Mining
35:48 Elite Magyar Huszar
38:03 Chemistry
37:24 Ballistics
37:31 Town Patrol
37:30 Bodkin Arrow
38:55 Thumb Ring
39:12 Bracer
39:27 Leather Archer Armor
40:17 Hussar
40:20 Heavy Cavalry Archer
42:01 Chain Barding Armor
elessar
13:51 Feudal Age
12:06 Loom
15:30 Wheelbarrow
14:40 Town Watch
17:26 Double-Bit Axe
18:32 Horse Collar
21:25 Gold Mining
21:26 Stone Mining
22:16 Stone Mining
26:20 Castle Age
28:02 Bow Saw
27:54 Heavy Plow
27:59 Caravan
29:18 Gold Shaft Mining
29:18 Stone Shaft Mining
32:24 Stone Shaft Mining
33:41 Coinage
34:50 Great Wall
39:01 Ballistics
38:32 Heated Shot
38:53 Masonry
38:34 Guard Tower
38:55 Fortified Wall
38:41 Murder Holes
47:04 Imperial Age
45:02 Crossbowman
48:47 Chemistry
48:20 Architecture
60:43 Two-Man Saw
Funstein
13:47 Feudal Age
17:58 Castle Age
22:30 Imperial Age
24:47 Double-Bit Axe
24:45 Horse Collar
26:32 Gold Mining
28:17 Bow Saw
29:42 Wheelbarrow
31:50 Hand Cart
37:04 Two-Man Saw
36:07 Heavy Plow
38:27 Heavy Scorpion
40:25 Gold Shaft Mining
39:43 Stone Mining
40:12 Fortified Wall
40:00 Murder Holes
40:20 Bloodlines
40:11 Husbandry
41:29 Scale Barding Armor
41:35 Forging
41:42 Masonry
45:44 Conscription
45:26 Artillery
64:23 Spies/Treason
Princess Duckling
13:05 Feudal Age
17:49 Castle Age
16:32 Scale Barding Armor
21:10 Husbandry
22:51 Chain Barding Armor
22:42 Forging
23:38 Fortified Wall
23:46 Gold Mining
27:45 Iron Casting
38:21 Imperial Age
37:44 Wheelbarrow
37:38 Double-Bit Axe
38:17 Loom
39:37 Cavalier
39:51 Cavalier
39:53 Heavy Mounted Crossbowman
41:05 Hand Cart
42:10 Heavy Scorpion
49:15 Paladin
50:22 Caravan
ersinbab
12:15 Feudal Age
17:27 Castle Age
16:02 Double-Bit Axe
16:06 Horse Collar
19:48 Bow Saw
19:41 Heavy Plow
22:43 Gold Mining
29:12 Imperial Age
27:17 Forging
27:07 Scale Mail Armor
28:30 Ballistics
30:56 Wheelbarrow
31:28 Chemistry
30:35 Stone Mining
31:21 Gold Shaft Mining
31:15 Chain Mail Armor
31:35 Iron Casting
31:13 Halberdier
31:56 Squires
31:41 Arson
33:12 Two-Man Saw
33:04 Hand Cart
34:38 Siege Engineers
35:10 Heavy Scorpion
38:45 Conscription
38:33 Torsion Engines
45:50 Blast Furnace
45:20 Plate Mail Armor
44:59 Padded Archer Armor
Connection lost

Rejoining the realm…

Still unreachable

The connection could not be restored.

Session expired

The server has moved on; the page needs a fresh start.